 Dungeon Crawl Stone Soup version 0.18-a0-1539-g1c7284a (webtiles) character file.

35 Duffy the Firebug (level 3, 0/19 HPs)
             Began as a Deep Elf Fire Elementalist on Mar 9, 2016.
             Killed from afar by Sigmund (12 damage)
             ... with a puff of flame
             ... on level 2 of the Dungeon.
             The game lasted 00:01:31 (1131 turns).

Duffy the Firebug (Deep Elf Fire Elementalist)      Turns: 1131, Time: 00:01:31

Health: 0/19       AC:  2    Str:  5    XL:     3   Next: 16%
Magic:  6/9        EV: 13    Int: 19    God:
Gold:   103        SH:  0    Dex: 16    Spells: 2 memorised, 4 levels left

rFire  . . .     SeeInvis .     (no weapon)
rCold  . . .     Gourm    .     a - +0 robe
rNeg   . . .     Faith    .     (no shield)
rPois  .         Spirit   .     (no helmet)
rElec  .         Dismiss  .     (no cloak)
rCorr  .         Reflect  .     (no gloves)
SustAt .         Harm     .     (no boots)
MR     .....                    (no amulet)
Stlth  ++........               (no ring)
                                (no ring)

@: not resistant to hostile enchantments, unstealthy
A: no striking features
a: no special abilities


You were on level 2 of the Dungeon.
You were not hungry.

You visited 1 branch of the dungeon, and saw 2 of its levels.

You collected 103 gold pieces.


   Skills:
 - Level 2.4 Dodging
 - Level 2.4 Stealth
 - Level 3.0 Spellcasting
 + Level 3.3 Conjurations
 + Level 3.4 Fire Magic


You had 4 spell levels left.
You knew the following spells:

 Your Spells              Type           Power        Failure   Level  Hunger
a - Flame Tongue          Conj/Fire      ###..        4%          1    None
l - Conjure Flame         Conj/Fire      ###.....     12%         3    ###....

Inventory:

Armour
 a - a +0 robe (worn)
Scrolls
 f - a scroll of recharging {unknown}
 g - a scroll of amnesia {unknown}
 j - a scroll of teleportation {unknown}
Potions
 d - a potion of invisibility {unknown}
 e - a potion of degeneration {unknown}
 h - 3 potions of curing {unknown}
Books
 b - a book of Flames
Comestibles
 c - a bread ration
 i - a slice of pizza

Dungeon Overview and Level Annotations

Branches:
Dungeon (2/15)

Altars:

Annotations:
D:2 Sigmund


Message History

Where to? (* - list waypoints, ? - help)
There is a stone staircase leading down here.
You climb downwards.
Found a stone staircase leading down.
There is a stone staircase leading up here.
Sigmund the Dreaded comes into view.
He is wielding a scythe.
Sigmund is nearby!
Found a falchion.
A hobgoblin comes into view.
Cast which spell? (? or * to list)
Aiming: Flame Tongue
Press: ? - help, Shift-Dir - straight line, f - Sigmund
Aim: Sigmund, wielding a scythe and wearing a robe (resting)
The flame tongue hits Sigmund.
Sigmund is lightly wounded.
Sigmund shouts!
The hobgoblin shouts!
You hear a shout!
You hear a bark!
Sigmund gestures at you while chanting. The puff of flame hits you!
Cast which spell? (? or * to list)
Aiming: Flame Tongue
Press: ? - help, Shift-Dir - straight line, f/p - Sigmund
Aim: Sigmund, wielding a scythe and wearing a robe (lightly wounded)
The flame tongue hits Sigmund.
Sigmund is heavily wounded.
A jackal comes into view.
Cast which spell? (? or * to list)
Aiming: Flame Tongue
Press: ? - help, Shift-Dir - straight line, f/p - Sigmund
Aim: Sigmund, wielding a scythe and wearing a robe (heavily wounded)
The flame tongue hits Sigmund.
Sigmund is heavily wounded.
Sigmund gestures at you while chanting. The puff of flame hits you!
Ouch! That really hurt!
You die...

........#........
......$............
..........#.......#
...................
.................##
.........#.......#
...>.....<.......
######....#........
.h.....@..##.......
.......#### #...#..
......@ #### .
....... ....g..
....... .......
.......


You could see Sigmund, a jackal and a hobgoblin.

Action                   || total
-------------------------++-------
 Cast: Flame Tongue      ||    55

Notes
Turn   | Place    | Note
--------------------------------------------------------------
     0 | D:1      | Duffy the Deep Elf Fire Elementalist began the quest for the Orb.
     0 | D:1      | Reached XP level 1. HP: 10/10 MP: 6/6
   113 | D:1      | Reached skill level 2 in Conjurations
   113 | D:1      | Reached XP level 2. HP: 6/15 MP: 0/8
   622 | D:1      | Reached skill level 3 in Conjurations
   674 | D:1      | Reached XP level 3. HP: 19/19 MP: 4/9
   679 | D:1      | Learned a level 3 spell: Conjure Flame
  1121 | D:2      | Noticed Sigmund
  1131 | D:2      | Killed from afar by Sigmund

Vault maps used:
D:1:      minmay_arrival_open_corners
D:2:      uniq_sigmund, uniq_natasha

Vanquished Creatures
  An ooze
  A dart slug
  A giant gecko
  3 bats
  4 goblins
  3 hobgoblins
  6 kobolds
  4 giant newts
  4 rats
27 creatures vanquished.
